 Dungeon Crawl Stone Soup version 0.23.2-40-g277498a001 (webtiles) character file.

Game seed: 13991024216373839606

25886 Marnok the Impaler (level 12, -7/112 HPs)
             Began as a Minotaur Fighter on Oct 1, 2019.
             Was a High Priest of Wu Jian.
             Shot with a bolt by a yaktaur (18 damage)
             ... on level 14 of the Dungeon.
             The game lasted 00:45:34 (9774 turns).

Marnok the Impaler (Minotaur Fighter)               Turns: 9774, Time: 00:45:35

Health: -7/112     AC: 21    Str: 29    XL:     12   Next: 93%
Magic:  0/11       EV: 13    Int:  9    God:    Wu Jian [*****.]
Gold:   805        SH:  0    Dex: 10    Spells: 11/11 levels left

rFire    . . .     SeeInvis .   r - +5 scythe "Finisher" {speed, eviscerate}
rCold    . . .     Gourm    .   (shield currently unavailable)
rNeg     . . .     Faith    .   l - +6 scale mail {rPois}
rPois    +         Spirit   +   (helmet restricted)
rElec    .         Reflect  .   M - +2 cloak
rCorr    .         Harm     .   z - +0 pair of gloves
MR       +....                  y - +0 pair of boots
Stlth    ..........             j - amulet of guardian spirit
HPRegen  0.28/turn              s - ring of protection from magic
MPRegen  0.12/turn              G - ring of Anweod {rPois Str+3 Int+4}

@: about to teleport
A: retaliatory headbutt, horns 2
a: Wall Jump, Serpent's Lash, Heavenly Storm, Renounce Religion


You were on level 14 of the Dungeon.
You worshipped Wu Jian.
Wu Jian was extremely pleased with you.
You were not hungry.

You visited 1 branch of the dungeon, and saw 14 of its levels.

You collected 1091 gold pieces.
You spent 286 gold pieces at shops.

Inventory:

Hand Weapons
 b - a +2 whip of flaming
 e - a +4 quarterstaff of chaos
 r - the +5 scythe "Finisher" (weapon) {speed, eviscerate}
   (You found it on level 4 of the Dungeon)

   Attacks with this weapon are significantly faster.
 v - a +7 short sword
 A - a +4 vampiric scythe
Armour
 l - a +6 scale mail of poison resistance (worn)
 y - a +0 pair of boots (worn)
 z - a +0 pair of gloves (worn)
 C - a +2 scale mail of cold resistance
 M - a +2 cloak (worn)
 U - a +0 robe
 W - a +2 scale mail of fire resistance
Jewellery
 j - an amulet of guardian spirit (around neck)
 s - a ring of protection from magic (left hand)
 G - the ring of Anweod (right hand) {rPois Str+3 Int+4}
   (You found it on level 9 of the Dungeon)

   [ring of strength]

   It affects your strength (+3).
   It affects your intelligence (+4).
   It protects you from poison.
Wands
 c - a wand of paralysis (11)
 w - a wand of digging (9)
 B - a wand of random effects (58)
 L - a wand of acid (5)
 O - a wand of disintegration (17)
 R - a wand of enslavement (9)
Scrolls
 h - 13 scrolls of remove curse
 m - 5 scrolls of amnesia
 n - 2 scrolls of identify
 o - 6 scrolls of teleportation
 H - a scroll of blinking
 I - a scroll of brand weapon
Potions
 d - 2 potions of might
 k - 5 potions of curing
 q - 5 potions of flight
 t - 2 potions of brilliance
 E - a potion of magic
 F - a potion of ambrosia
 J - 2 potions of cancellation
 Q - 2 potions of invisibility
Miscellaneous
 i - a crystal ball of energy
 u - a crystal ball of energy
 X - a crystal ball of energy
Comestibles
 a - 2 chunks of flesh
 f - 25 rations


   Skills:
 + Level 12.0 Fighting
   Level 5.4(12.9) Axes
 + Level 2.5(4.3) Maces & Flails
 + Level 17.5(17.7) Polearms
 + Level 10.3 Armour
 + Level 6.6 Dodging
 + Level 1.8 Stealth
   Level 5.5 Shields
 + Level 0.2 Evocations


You had 11 spell levels left.
You didn't know any spells.
Your spell library contained the following spells:

 Spells                   Type           Power        Failure   Level  Hunger
 Confusing Touch          Hex            #.....       58%         1    ##.....
 Corona                   Hex            #......      58%         1    ##.....
 Freeze                   Ice            #...         58%         1    ##.....
 Sandblast                Erth           #.....       58%         1    ##.....
 Shock                    Conj/Air       #...         58%         1    ##.....
 Summon Butterflies       Summ           #.......     58%         1    ##.....
 Ensorcelled Hibernation  Hex/Ice        #.....       75%         2    ###....
 Passwall                 Tmut/Erth      #.......     75%         2    ###....
 Swiftness                Chrm/Air       #.......     75%         2    ###....
 Throw Frost              Conj/Ice       #.....       75%         2    ###....
 Call Canine Familiar     Summ           #.......     92%         3    ####...
 Confuse                  Hex            #.......     92%         3    ####...
 Dazzling Spray           Conj/Hex       #.....       92%         3    ####...
 Gell's Gravitas          Tloc           #.........   92%         3    ####...
 Ozocubu's Armour         Chrm/Ice       #.......     92%         3    ####...
 Static Discharge         Conj/Air       #.......     92%         3    ####...
 Stone Arrow              Conj/Erth      #.....       92%         3    ####...
 Tukima's Dance           Hex            #.......     92%         3    ####...
 Airstrike                Air            #.........   100%        4    #####..
 Petrify                  Tmut/Erth      #.......     100%        4    #####..
 Summon Ice Beast         Ice/Summ       #.......     100%        4    #####..
 Throw Icicle             Conj/Ice       #.......     100%        4    #####..
 Lee's Rapid Deconstruct  Erth           #.........   100%        5    ######.
 Lightning Bolt           Conj/Air       #.........   100%        5    ######.
 Metabolic Englaciation   Hex/Ice        #.........   100%        5    ######.
 Summon Mana Viper        Hex/Summ       #.......     100%        5    ######.
 Yara's Violent Unravell  Hex/Tmut       #.........   100%        5    ######.
 Summon Hydra             Summ           #.........   100%        7    #######


Dungeon Overview and Level Annotations

Branches:
Dungeon (14/15)            Temple (0/1) D:7            Lair (0/6) D:11
    Orc (0/2) D:10         Vaults (0/5) D:14

Altars:
Cheibriados
Qazlal
Ru
Uskayaw
Vehumet
Wu Jian

Shops:
D:6 !   D:10 [(   D:12 =(

Annotations:
D:9 exclusion: obsidian statue
D:11 exclusion: oklob plant


Innate Abilities, Weirdness & Mutations

You reflexively headbutt those who attack you in melee.
You have a pair of horns on your head.


Message History

The Council accepts your kill.
Your Fighting skill increases to level 12!
The human hits you but does no damage.
You chop the human into pieces!!!
You kill the human!
The Council accepts your kill.
You see here a ring mail.
You now have 805 gold pieces (gained 28).
The yaktaur shoots a bolt.
The bolt hits you!
* * * LOW HITPOINT WARNING * * *
You see here a bolt.
The yaktaur shoots a bolt.
The bolt hits you.
* * * LOW HITPOINT WARNING * * *
You see here a bolt.
The yaktaur shoots a bolt.
The bolt hits you!!
* * * LOW HITPOINT WARNING * * *
You see here a bolt.
As you read the scroll of teleportation, it crumbles to dust.
You feel strangely unstable.
The yaktaur shoots a bolt.
The bolt hits you!!
You die...

###.........[...........#
........................#
.....................<..#
........................#
%.††....................#
..†<>........(..........#
...∩<.........(.....÷...#
...c....................#
.............^.>@.......#
...............!...........
...............#######......
###............# ..####
#.........c=.# ..# ........#
..# #####..


You could see a yaktaur.

Vanquished Creatures
  A hydra (D:13)
  Erica (D:9)
  A centaur warrior (D:14)
  5 two-headed ogres
  A tengu warrior (D:13)
  7 slime creatures
  2 unseen horrors
  A wizard (D:13)
  Pikel (D:9)
  4 cyclopes
  A deep elf mage (D:13)
  3 ugly things (D:12)
  A manticore (D:14)
  A centaur zombie (D:14)
  2 gargoyles
  A tengu conjurer (D:13)
  2 trolls
  A hippogriff (D:10)
  A spriggan (D:9)
  Sigmund (D:6)
  2 wraiths
  A wyvern (D:11)
  15 humans
  5 yaks (D:10)
  3 hungry ghosts
  3 water moccasins
  An acid dragon (D:13)
  6 ice beasts
  4 orc warriors
  6 sky beasts
  3 black bears
  A necrophage (D:7)
  2 phantoms
  6 ogres
  A crocodile (D:7)
  4 centaurs
  3 big kobolds
  7 bullfrogs
  4 scorpions
  A water moccasin skeleton (D:10)
  19 wights
  6 killer bees (D:8)
  8 crimson imps
  2 bullfrog zombies
  2 quasits (D:10)
  8 hounds
  Crazy Yiuf (D:2)
  3 bullfrog skeletons
  3 jellies
  An orc priest (D:6)
  8 orc wizards
  2 centaur skeletons
  Natasha (thrice) (D:2)
  Terence (D:2)
  An iguana (D:6)
  11 worker ants
  A hound zombie (D:8)
  A howler monkey skeleton (D:9)
  13 adders
  7 gnolls
  5 shadow imps
  An ooze (D:1)
  2 adder zombies (D:5)
  An adder skeleton (D:7)
  A worm (D:6)
  4 dart slugs
  7 leopard geckos
  28 orcs
  3 ball pythons
  4 giant cockroaches
  4 goblins
  10 hobgoblins
  12 jackals
  15 kobolds
  3 quokkas
  A ball python zombie (D:1)
  9 bats
  8 frilled lizards
  A giant cockroach zombie (D:1)
  A jackal zombie (D:6)
  7 rats
344 creatures vanquished.

Vanquished Creatures (others)
  A hound zombie (D:9)
1 creature vanquished.

Grand Total: 345 creatures vanquished

Notes
Turn   | Place    | Note
-------+----------+-------------------------------------------
     0 | D:1      | Marnok the Minotaur Fighter began the quest for the Orb.
     0 | D:1      | Reached XP level 1. HP: 19/19 MP: 0/0
    79 | D:1      | Reached XP level 2. HP: 20/26 MP: 1/1
   443 | D:1      | Reached XP level 3. HP: 33/33 MP: 2/2
  1148 | D:2      | Noticed Natasha
  1154 | D:2      | Killed Natasha
  1154 | D:2      | Reached XP level 4. HP: 35/40 MP: 1/3
  1194 | D:2      | Noticed Terence
  1203 | D:2      | Killed Terence
  1558 | D:2      | Noticed Natasha
  1567 | D:2      | Killed Natasha
  1567 | D:2      | Reached skill level 1 in Dodging
  1567 | D:2      | Reached XP level 5. HP: 46/47 MP: 4/4
  1788 | D:2      | Found a radiant altar of Vehumet.
  1788 | D:2      | Found a sacrificial altar of Ru.
  1834 | D:2      | Found a runed translucent door.
  1841 | D:2      | Noticed Crazy Yiuf
  1847 | D:2      | Killed Crazy Yiuf
  1931 | D:2      | Noticed Natasha
  1940 | D:2      | Killed Natasha
  1940 | D:2      | Reached skill level 5 in Fighting
  2103 | D:4      | Noticed an ogre
  2135 | D:3      | Found a sacrificial altar of Ru.
  2329 | D:3      | Found an ornate altar of the Wu Jian Council.
  2336 | D:3      | Became a worshipper of the Wu Jian Council
  2382 | D:3      | Reached skill level 5 in Armour
  2385 | D:3      | Reached XP level 6. HP: 47/56 MP: 3/5
  2682 | D:4      | Found the +5 scythe "Finisher" {speed, eviscerate}
  2699 | D:5      | Entered Level 5 of the Dungeon
  2699 | D:5      | Noticed a sky beast
  2702 | D:4      | Reached skill level 5 in Shields
  2773 | D:5      | Reached skill level 1 in Polearms
  2774 | D:5      | Reached skill level 5 in Axes
  2793 | D:4      | Killed a sky beast
  2793 | D:4      | Reached skill level 2 in Polearms
  2793 | D:4      | Reached XP level 7. HP: 39/61 MP: 1/6
  3062 | D:4      | Reached skill level 3 in Polearms
  3171 | D:5      | Reached * piety under Wu Jian
  3217 | D:5      | Reached skill level 4 in Polearms
  3255 | D:5      | Reached skill level 5 in Polearms
  3388 | D:5      | Found a hide-covered altar of Uskayaw.
  3420 | D:5      | Reached XP level 8. HP: 70/70 MP: 7/7
  3640 | D:6      | Reached skill level 6 in Polearms
  3692 | D:6      | Reached skill level 7 in Polearms
  3774 | D:6      | Found Buche's Distillery.
  3799 | D:6      | Bought a potion of heal wounds for 55 gold pieces
  3799 | D:6      | Bought a potion of flight for 33 gold pieces
  3799 | D:6      | Bought a potion of curing for 33 gold pieces
  3799 | D:6      | Bought a potion of curing for 33 gold pieces
  3799 | D:6      | Bought a potion of might for 44 gold pieces
  3799 | D:6      | Bought a potion of heal wounds for 55 gold pieces
  3799 | D:6      | Bought a potion of curing for 33 gold pieces
  3802 | D:6      | Reached skill level 1 in Stealth
  3878 | D:6      | Reached ** piety under Wu Jian
  3878 | D:6      | Reached skill level 8 in Polearms
  3936 | D:6      | Found a stormy altar of Qazlal.
  3945 | D:6      | Noticed Sigmund
  3948 | D:6      | Killed Sigmund
  3948 | D:6      | Reached XP level 9. HP: 75/78 MP: 8/8
  3958 | D:6      | Reached skill level 9 in Polearms
  4705 | D:7      | Reached skill level 10 in Polearms
  4943 | D:7      | Found a staircase to the Ecumenical Temple.
  5025 | D:7      | Found a hide-covered altar of Uskayaw.
  5265 | D:9      | Noticed Erica
  5278 | D:9      | Killed Erica
  5278 | D:9      | Reached skill level 11 in Polearms
  5289 | D:9      | Got a faintly glowing bone ring
  5291 | D:9      | Identified the ring of Anweod {rPois Str+3 Int+4} (You
                  | found it on level 9 of the Dungeon)
  5296 | D:9      | Found a snail-covered altar of Cheibriados.
  5299 | D:9      | Reached XP level 10. HP: 87/88 MP: 9/9
  5398 | D:9      | Noticed an obsidian statue
  5400 | D:9      | Reached *** piety under Wu Jian
  5465 | D:9      | Noticed a two-headed ogre
  5468 | D:9      | Killed a two-headed ogre
  5468 | D:9      | Reached skill level 12 in Polearms
  5512 | D:10     | Entered Level 10 of the Dungeon
  6430 | D:9      | Reached skill level 13 in Polearms
  6473 | D:9      | Noticed Pikel
  6475 | D:9      | Killed Pikel
  6615 | D:9      | Noticed an orange demon
  6617 | D:9      | Noticed a smoke demon
  6617 | D:9      | Noticed an orange demon
  6999 | D:10     | Found Icvewi's Weapon Shoppe.
  7001 | D:10     | Found a staircase to the Orcish Mines.
  7008 | D:10     | Found Lotanath's Armour Shoppe.
  7432 | D:10     | Killed an unseen horror
  7432 | D:10     | Reached XP level 11. HP: 92/97 MP: 8/10
  7540 | D:10     | Reached skill level 14 in Polearms
  7547 | D:10     | Reached **** piety under Wu Jian
  7719 | D:10     | Noticed a two-headed ogre
  7727 | D:10     | Killed a two-headed ogre
  7791 | D:11     | Killed an unseen horror
  7952 | D:11     | Reached skill level 5 in Dodging
  7997 | D:11     | Found a staircase to the Lair.
  7997 | D:11     | Noticed an oklob plant
  8086 | D:11     | Reached skill level 15 in Polearms
  8437 | D:11     | Noticed a two-headed ogre
  8439 | D:11     | Killed a two-headed ogre
  8439 | D:11     | Reached skill level 10 in Fighting
  8545 | D:12     | Noticed a green ugly thing
  8551 | D:12     | Killed a green ugly thing
  8662 | D:12     | Noticed a purple ugly thing
  8664 | D:12     | Noticed a green ugly thing
  8667 | D:12     | Killed a purple ugly thing
  8674 | D:12     | Killed a green ugly thing
  8951 | D:12     | Found Paniw's Jewellery Shoppe.
  8954 | D:12     | Found Giunlyom's Antique Weapon Shoppe.
  9141 | D:13     | Reached XP level 12. HP: 107/107 MP: 11/11
  9149 | D:13     | Noticed a five-headed hydra
  9172 | D:13     | Killed a five-headed hydra
  9207 | D:14     | Reached skill level 1 in Maces & Flails
  9210 | D:14     | Noticed a two-headed ogre
  9212 | D:14     | Reached skill level 16 in Polearms
  9213 | D:14     | Noticed a centaur warrior
  9246 | D:13     | Reached skill level 10 in Armour
  9363 | D:13     | Reached ***** piety under Wu Jian
  9473 | D:13     | Noticed a tengu warrior
  9488 | D:13     | Killed a tengu warrior
  9587 | D:13     | Noticed a two-headed ogre
  9593 | D:13     | Killed a two-headed ogre
  9609 | D:14     | Found a gate to the Vaults.
  9621 | D:14     | Killed a centaur warrior
  9621 | D:14     | Reached skill level 17 in Polearms
  9761 | D:14     | Killed a two-headed ogre
  9774 | D:14     | Shot with a bolt by a yaktaur

Skill      XL: |  1  2  3  4  5  6  7  8  9 10 11 12 |
---------------+-------------------------------------+-----
Shields        | 4 5 |  5.5
Armour         | 4 5 6 7 8 9 10 | 10.3
Fighting       | 4 5 6 7 9 10 12 | 12.0
Axes           | 3 4 5 |  5.4
Dodging        | 1 2 3 4 5 6 |  6.6
Polearms       | 2 5 8 11 13 15 17 | 17.5
Stealth        | 1 |  1.8
Maces & Flails | 2 |  2.5
Evocations     | |  0.2

Action                   |  1- 3 |  4- 6 |  7- 9 | 10-12 || total
-------------------------+-------+-------+-------+-------++-------
Melee: War axe           |    70 |   105 |       |       ||   175
       Headbutt          |     8 |    16 |    31 |    86 ||   141
       Scythe            |       |    32 |   199 |   386 ||   617
       Whip              |       |       |       |    10 ||    10
Invok: Lunge             |       |     3 |    21 |    43 ||    67
       Whirlwind         |       |       |     7 |    22 ||    29
Evoke: Wand              |       |       |       |     1 ||     1
  Use: Scroll            |       |     9 |    10 |    16 ||    35
       Potion            |       |     2 |     2 |    12 ||    16
  Eat: Chunk             |       |     6 |     9 |    13 ||    28
       Ration            |       |       |       |     1 ||     1
Armor: Scale mail        |    37 |    81 |   140 |   294 ||   552
Dodge: Dodged            |    25 |    47 |   108 |   262 ||   442
Block: Shield            |    46 |    65 |       |       ||   111
